 Dungeon Crawl Stone Soup version 0.29.0-4-gdea44cf6ec (webtiles) character file.

Game seed: 7818441974182062

20 qw the Sneak (level 2, -5/14 HPs)
             Began as a Felid Delver on Aug 27, 2022.
             Slain by a gnoll
             ... wielding a +0 flail
              (6 damage)
             ... on level 5 of the Dungeon.
             The game lasted 00:00:00 (42 turns).

qw the Sneak (Felid Delver)                           Turns: 42, Time: 00:00:01

Health: -5/14      AC:  1    Str:  8    XL:     2   Next: 58%
Magic:  3/3        EV: 17    Int: 11    God:
Gold:   0          SH:  0    Dex: 17    Spells: 1/1 levels left
                                        Lives:  0   Deaths: 0

rFire   . . .      SeeInvis +     - Unarmed
rCold   . . .      Faith    .   (shield unavailable)
rNeg    . . .      Spirit   .   (body armour unavailable)
rPois   .          Reflect  .   (helmet unavailable)
rElec   .          Harm     .   (cloak unavailable)
rCorr   .          Rampage  .   (gloves unavailable)
Will    .....                   (boots unavailable)
Stlth   +++.......              (no amulet)
HPRegen 0.04/turn               (no ring)
MPRegen 0.08/turn               (no ring)

@: quick
A: very small, claws 1, fangs 3, see invisible, speed 1, shaggy fur 1, stealthy
paws, no weapons or thrown items, no armour, multi-lived
a: no special abilities


You were on level 5 of the Dungeon.
You visited 1 branch of the dungeon, and saw 1 of its levels.


Innate Abilities, Weirdness & Mutations

You have sharp claws.
You have razor-sharp teeth.
You have supernaturally acute eyesight. (SInv)
You cover ground quickly. (Speed+)
You are covered in fur. (AC +1)
Your paws help you pounce on unaware monsters.
You are incapable of wielding weapons or throwing items.
You cannot wear armour.
You gain extra lives every three experience levels.


   Skills:
 - Level 3.0 Fighting
 - Level 2.6 Dodging
 - Level 6.6 Stealth
 + Level 3.2 Unarmed Combat


You had one spell level left.
You didn't know any spells.
Your spell library was empty.

Inventory:

Wands
 e - a wand of digging (3)
Scrolls
 a - a scroll of fog
 b - a scroll of magic mapping
 c - a scroll of fear
Potions
 d - a potion of haste

Dungeon Overview and Level Annotations

Branches:
Dungeon (5/15)
 Temple: D:4-7

Altars:


Message History

The gnoll is almost dead.
The gnoll completely misses you.
You scratch the gnoll.
You kill the gnoll!
You have reached level 2!
A gnoll comes into view. It is wielding a +0 whip.
A gnoll comes into view. It is wielding a +0 flail.
Found a sedimented green potion.
The gnoll shouts!
You hear a shout!
32 ||| Stepping ~*~*~tactically~*~*~ (stealth).
A gnoll comes into view. It is wielding a +0 spear.
33 ||| Stepping ~*~*~tactically~*~*~ (hiding).
The gnoll closely misses you.
You scratch the gnoll. You bite the gnoll.
The gnoll is heavily wounded.
The gnoll closely misses you. The gnoll misses you.
You scratch the gnoll.
The gnoll is heavily wounded.
The gnoll barely misses you. The gnoll hits you with a +0 whip!
Ouch! That really hurt!
You scratch the gnoll but do no damage. Your bite misses the gnoll.
The gnoll is heavily wounded.
The gnoll closely misses you. The gnoll hits you with a +0 whip.
You scratch the gnoll but do no damage.
The gnoll is heavily wounded.
The gnoll closely misses you. The gnoll barely misses you.
You scratch the gnoll.
The gnoll is almost dead.
The gnoll closely misses you. The gnoll barely misses you.
You scratch the gnoll.
You kill the gnoll!
The gnoll barely misses you.
Your Unarmed Combat skill increases to level 3!
Found a scroll labelled EKHUEHISUE.
The gnoll misses you.
You see here a +0 whip.
You scratch the gnoll.
The gnoll is lightly wounded.
The gnoll closely misses you. The gnoll hits you with a +0 flail.
You die...

#.....##...#
##..........# ##
###...........#
#.####...?......>..#
##...#.......).#....#
.#...!.........##...##
#...................#
...#..#...............
#... ##@g...........##
##.#?..g#..|....###..
.. ##..###.......# ...
.. #.. .......## . ###
........ ....... .....


You could see 2 gnolls.

Vanquished Creatures
  2 gnolls (D:5)
2 creatures vanquished.

Notes
Turn   | Place    | Note
-------+----------+-------------------------------------------
     0 | D:5      | qw the Felid Delver began the quest for the Orb.
     0 | D:5      | Reached XP level 1. HP: 10/10 MP: 2/2
     0 | D:5      | 0 ||| qw: Version: 0.1-a-89-g26bdef1
     0 | D:5      | 0 ||| qw: Game counter: 14
     0 | D:5      | 0 ||| qw: Always use a shield: true
     0 | D:5      | 0 ||| qw: God list: Okawaru, Trog
     0 | D:5      | 0 ||| qw: Allow faded altars: false
     0 | D:5      | 0 ||| qw: Do Orc after D:15 true
     0 | D:5      | 0 ||| qw: Do second Lair branch before Depths: true
     0 | D:5      | 0 ||| qw: Lair rune preference: random
     0 | D:5      | 0 ||| qw: Plans: Normal
     0 | D:5      | 0 ||| PLANNING D:1-11
    16 | D:5      | Reached XP level 2. HP: 14/14 MP: 3/3
    32 | D:5      | 32 ||| Stepping ~*~*~tactically~*~*~ (stealth).
    33 | D:5      | 33 ||| Stepping ~*~*~tactically~*~*~ (hiding).
    37 | D:5      | HP: 1/14 [gnoll/+0 whip (5)]
    41 | D:5      | Reached skill level 3 in Unarmed Combat
    42 | D:5      | Slain by a gnoll

Levels and vault maps discovered:
D:5:      layout_cave_pools

Skill      XL: |  1  2 |
---------------+-------+-----
Unarmed Combat | 3 |  3.2
Fighting       | |  3.0
Dodging        | |  2.6
Stealth        | |  6.6

Action                   || total
-------------------------++-------
Melee: Unarmed           ||    13
       Bite              ||     2
Dodge: Dodged            ||    17

Table legend:
 A = Non-vault XP
 B = Vault XP
 C = Vault XP percentage of total XP
 D = Non-vault monster count
 E = Vault monster count
 F = Vault count percentage of total count
                 A         B        C        D         E       F
            +---------+---------+-------+---------+---------+-------
      Total |      29 |       0 |   0.0 |       2 |       0 |   0.0
            +---------+---------+-------+---------+---------+-------
        D:5 |      29 |       0 |   0.0 |       2 |       0 |   0.0
            +---------+---------+-------+---------+---------+-------
